 Dungeon Crawl Stone Soup version 0.23.2-40-g277498a001 (webtiles) character file.

Game seed: 11850608743829847172

37 Exodus22XD the Magician (level 3, 18/19 HPs)
             Began as a Deep Elf Wizard on Aug 30, 2019.
             Quit the game on level 2 of the Dungeon.
             The game lasted 00:03:19 (676 turns).

Exodus22XD the Magician (Deep Elf Wizard)            Turns: 676, Time: 00:03:20

Health: 18/19      AC:  3    Str:  4    XL:     3   Next: 21%
Magic:  7/10       EV: 13    Int: 23    God:
Gold:   66         SH:  0    Dex: 13    Spells: 3/10 levels left

rFire    . . .     SeeInvis .   g - +2 dagger (drain)
rCold    . . .     Gourm    .   (no shield)
rNeg     . . .     Faith    .   a - +0 robe
rPois    .         Spirit   .   b - +0 hat
rElec    .         Reflect  .   (no cloak)
rCorr    .         Harm     .   (no gloves)
MR       .....                  k - +0 pair of boots
Stlth    ++........             (no amulet)
HPRegen  0.06/turn              (no ring)
MPRegen  0.12/turn              (no ring)

@: no status effects
A: no striking features
a: no special abilities


You were on level 2 of the Dungeon.
You were not hungry.

You visited 1 branch of the dungeon, and saw 2 of its levels.

You collected 66 gold pieces.

Inventory:

Hand Weapons
 g - a +2 dagger of draining (weapon)
Armour
 a - a +0 robe (worn)
 b - a +0 hat (worn)
 k - a +0 pair of boots (worn)
Scrolls
 c - a scroll of blinking {unknown}
 e - a scroll of identify {unknown}
 f - 2 scrolls of fear {unknown}
 i - a scroll of enchant weapon {unknown}
 l - 2 scrolls of enchant armour {unknown}
Potions
 h - 3 potions of curing {unknown}
 j - a potion of resistance {unknown}
 m - a potion of invisibility {unknown}
Comestibles
 d - 4 rations
 n - a chunk of flesh


   Skills:
 - Level 2.4 Dodging
 - Level 2.4 Stealth
 - Level 4.4 Spellcasting
 * Level 3.5 Conjurations
 + Level 1.1 Summonings
 + Level 1.1 Translocations


You had 3 spell levels left.
You knew the following spells:

 Your Spells              Type           Power        Failure   Level  Hunger
a - Magic Dart            Conj           ###.         2%          1    None
b - Call Imp              Summ           ##......     10%         2    None
c - Blink                 Tloc           N/A          10%         2    None
d - Slow                  Hex            #.......     16%         2    None

Your spell library contained the following spells:

 Spells                   Type           Power        Failure   Level  Hunger
 Conjure Flame            Conj/Fire      ##......     14%         3    ##.....
 Mephitic Cloud           Conj/Pois/Air  ##......     19%         3    ##.....


Dungeon Overview and Level Annotations

Branches:
Dungeon (2/15)

Altars:


Message History

c - a scroll labeled XEFYZO ESMOAMI You see here an adder corpse.
You butcher the adder corpse.
n - a chunk of flesh You see here an adder skeleton.
Memorise Call Imp, consuming 2 spell levels and leaving 7?
You start memorising the spell.
You continue memorising. x2
You finish memorising.
Spell assigned to 'b'.
You resume training Summonings.
Memorise Blink, consuming 2 spell levels and leaving 5?
You start memorising the spell.
You continue memorising. x2
You finish memorising.
Spell assigned to 'c'.
You resume training Translocations.
Memorise Slow, consuming 2 spell levels and leaving 3?
You start memorising the spell.
You continue memorising. x2
You finish memorising.
Spell assigned to 'd'.
Memorise Conjure Flame, consuming 3 spell levels and leaving 0?
Okay, then.
Unknown command.
Unknown command.
Are you sure you want to abandon this character and quit the game? (Confirm with "yes".)

### #!? #.# #.# ##.##
... ##...########.. #†#
#......#..@.........
#..
#.####...##..##...^#
#..
#.....#.>##....###.# .
#.....#............# ..
#............(..##.# ..
#)....#..###..#.##.##..
#.....#..(.........##..
##............#.##.#...
#..###..###.##.##.#...


There were no monsters in sight!

Vanquished Creatures
  An adder (D:2)
  An ooze (D:2)
  A giant cockroach (D:1)
  5 goblins (D:1)
  3 hobgoblins (D:1)
  4 kobolds (D:1)
  A quokka (D:2)
  A ball python (D:1)
  3 frilled lizards (D:1)
  5 rats
25 creatures vanquished.

Notes
Turn   | Place    | Note
-------+----------+-------------------------------------------
     0 | D:1      | Exodus22XD the Deep Elf Wizard began the quest for the Orb.
     0 | D:1      | Reached XP level 1. HP: 10/10 MP: 7/7
   132 | D:1      | Reached XP level 2. HP: 15/15 MP: 1/9
   653 | D:2      | Reached XP level 3. HP: 17/19 MP: 4/10
   670 | D:2      | Learned a level 2 spell: Call Imp
   673 | D:2      | Learned a level 2 spell: Blink
   676 | D:2      | Learned a level 2 spell: Slow
   676 | D:2      | Quit the game

Skill      XL: |  1  2 |
---------------+-------+-----
Conjurations   | 2 3 |  3.5
Dodging        | |  2.4
Stealth        | |  2.4
Spellcasting   | |  4.4
Summonings     | |  1.1
Translocations | |  1.1

Action                   || total
-------------------------++-------
 Cast: Magic Dart        ||    57
Dodge: Dodged            ||     8
